 Dungeon Crawl Stone Soup version 0.32-a0-986-ga09f62fbf4 (webtiles) character file.

Game seed: 2148722982427932918

88 Hiru the Digger (level 4, -2/33 HPs)
             Began as a Formicid Earth Elementalist on Apr 21, 2024.
             Slain by a ball python (3 damage)
             ... on level 3 of the Dungeon.
             The game lasted 00:10:36 (2382 turns).

Hiru the Digger (Formicid Earth Elementalist)       Turns: 2382, Time: 00:10:42

Health: -2/33      AC:  5    Str: 13    XL:     4   Next: 81%
Magic:  8/8        EV:  9    Int: 16    God:
Gold:   143        SH:  0    Dex: 14    Spells: 4/9 levels left

rFire   . . .        p - +9 sling of Cocytus {flame, rC+ rN+}
rCold   + . .        (no shield)
rNeg    + . .        e - +0 ring mail
rPois   .            (helmet unavailable)
rElec   .            (no cloak)
rCorr   .            (no gloves)
SInv    +            (no boots)
Will    .....        (no amulet)
Stlth   +            (no ring)
HPRegen 0.25/turn    (no ring)
MPRegen 0.11/turn

%: no passive effects
@: no status effects
A: permanent stasis, dig shafts and tunnels, antennae 3, four strong arms
a: Dig, Shaft Self


You were on level 3 of the Dungeon.
You visited 1 branch of the dungeon, and saw 3 of its levels.

You collected 143 gold pieces.

Inventory:

Hand Weapons
 h - a +0 dagger of venom
 p - the +9 sling of Cocytus (weapon) {flame, rC+ rN+}
   (You found it on level 3 of the Dungeon)

   rC+:       It protects you from cold.
   rN+:       It protects you from negative energy.
Armour
 a - a +0 robe
 e - a +0 ring mail (worn)
Jewellery
 c - an amulet of guardian spirit
 d - a ring of fire
Talismans
 r - a maw talisman
Scrolls
 k - a scroll of fog {unknown}
 l - a scroll of enchant armour {unknown}
 m - a scroll of immolation {unknown}
 n - a scroll of teleportation {unknown}
 q - a scroll of summoning {unknown}
Potions
 b - a potion of magic
 f - a potion of heal wounds {unknown}
 g - a potion of haste {unknown}
 i - a potion of attraction {unknown}
 j - a potion of might {unknown}
 o - a potion of enlightenment {unknown}


   Skills:
 + Level 1.9 Fighting
 * Level 0.1 Ranged Weapons
 - Level 1.9 Armour
 - Level 1.7 Dodging
 - Level 2.4 Stealth
 - Level 3.0 Spellcasting
 - Level 0.8 Conjurations
 + Level 4.4 Earth Magic
 + Level 0.1 Alchemy


You had 4 spell levels left.
You knew the following spells:

 Your Spells              Type           Power      Damage    Failure   Level
a - Sandblast             Erth           32%        2d9       6%          1
b - Petrify               Alch/Erth      9%         N/A       83%         4

Your spell library contained the following spells:

 Spells                   Type           Power      Damage    Failure   Level
 Passwall                 Erth           16%        N/A       19%         3
 Slow                     Hex            8%         N/A       36%         1
 Stone Arrow              Conj/Erth      20%        3d8       38%         3
 Sublimation of Blood     Necr           2%         N/A       52%         2
 Confusing Touch          Hex            2%         N/A       75%         3
 Vampiric Draining        Necr           2%         2d6       75%         3
 Brom's Barrelling Bould  Conj/Erth      10%        2d3       80%         4
 Curse of Agony           Necr           2%         N/A       100%        5
 Rimeblight               Ice/Necr       1%         2d3       (prima100%   7


Dungeon Overview and Level Annotations

Branches:
Dungeon (3/15)

Altars:
Wu Jian

Shops:
D:3 (


Innate Abilities, Weirdness & Mutations

You cannot be hasted, slowed, berserked, paralysed or teleported.
You can dig through walls and to a lower floor.
You have a pair of large antennae on your head. (SInv)
Your four strong arms can wield two-handed weapons with a shield.


Message History

You kill the dart slug!
Found an ornate altar of the Wu Jian Council.
You now have 137 gold pieces (gained 12).
You sense a monster nearby.
No target in view!
A rat comes into view.
You shoot a sling bullet. The sling bullet hits the rat.
The sling bullet burns the rat.
You kill the rat!
You hear an angry hiss.
A ball python comes into view.
You shoot a sling bullet.
The sling bullet closely misses the ball python.
You shoot a sling bullet. The sling bullet hits the ball python!
The sling bullet burns the ball python.
You kill the ball python!
No target in view!
Found a faded altar of an unknown god.
Found a maw talisman.
You now have 143 gold pieces (gained 6).
Press: ? - help, . - travel You can't see that place. [the floor.]
Found an emerald potion.
You see here a maw talisman.
r - a maw talisman You begin transforming.
You continue transforming.
The ball python hisses angrily.
You continue transforming. x2
You turn into a creature with a mouth for a stomach.
Your +0 ring mail melds into your body.
A ball python is nearby!
You begin untransforming.
You continue untransforming. x3
The ball python bites you.
Ouch! That really hurt!
The ball python barely misses you.
Your transformation has ended.
Your +0 ring mail unmelds from your body.
The ball python bites you.
You die...

...#. #.#.....
##.#..##.......#.##.#...<. ......
....................##
........,....!..........#.....
......♣.♣♣..............#.#...
.....P.PP...............#.....
... ....P._♣PP.............#...).
... #.P..♣♣P..S...............##
.... #.P..P.....@.....##.........
....,#.PP.............##.......##
.....#................##.........
.....#.##.#####.......###########
..........# ######### #
######.#### # #.# # #.# # #.#
#####


You could see a ball python.

Vanquished Creatures
  An adder (D:2)
  3 dart slugs
  6 endoplasms
  6 giant cockroaches
  7 goblins
  4 hobgoblins
  6 jackals
  A quokka (D:1)
  8 ball pythons
  8 bats
  3 frilled lizards
  6 kobolds
  5 rats
64 creatures vanquished.

Notes
Turn   | Place    | Note
-------+----------+-------------------------------------------
     0 | D:1      | Hiru the Formicid Earth Elementalist began the quest for
                  | the Orb.
     0 | D:1      | Reached XP level 1. HP: 13/13 MP: 3/3
   187 | D:1      | Reached XP level 2. HP: 20/20 MP: 1/5
   547 | D:1      | Reached skill level 1 in Fighting
   547 | D:1      | Reached skill level 1 in Armour
   689 | D:1      | Reached XP level 3. HP: 26/26 MP: 4/6
   770 | D:1      | Reached skill level 4 in Earth Magic
  1422 | D:2      | Reached XP level 4. HP: 32/32 MP: 8/8
  1442 | D:2      | Learned a level 4 spell: Petrify
  2095 | D:3      | Found Famaud Ibba's Weapon Emporium.
  2190 | D:3      | Identified the +9 sling of Cocytus {flame, rC+ rN+}
  2290 | D:3      | Found an ornate altar of the Wu Jian Council.
  2360 | D:3      | Found a faded altar of an unknown god.
  2382 | D:3      | Slain by a ball python

Illustrated notes

Levels and vault maps discovered:
D:1:      psy_arrival_statuary, layout_basic
D:2:      layout_rooms, minmay_misc_feat_alley
D:3:      layout_basic, lemuel_round_altar, serial_shops,
          nicolae_shop_gibbet_a_chance, dreamdust_ecumenical_altar_grove

Skill      XL: |  1  2  3  4 |
---------------+-------------+-----
Fighting       | 1 |  1.9
Armour         | 1 |  1.9
Earth Magic    | 4 |  4.4
Spellcasting   | 3 |  3.0
Ranged Weapons | |  0.1
Dodging        | |  1.7
Stealth        | |  2.4
Conjurations   | |  0.8
Alchemy        | |  0.1

Action                     |  1- 3 |  4- 6 || total
---------------------------+-------+-------++-------
  Melee: Dagger            |    39 |    41 ||    80
   Fire: Sling             |       |     5 ||     5
   Cast: Sandblast         |    39 |    15 ||    54
   Stab: Sleeping          |       |     2 ||     2
 Armour: Robe              |     4 |       ||     4
         Ring mail         |    31 |    34 ||    65
         Skin              |       |     1 ||     1
  Dodge: Dodged            |    21 |    33 ||    54
         Form:             |       |     1 ||     1
         Maw               |       |     1 ||     1

Table legend: (Time is in decaauts)
 A = Elapsed time spent in this place.
 B = Non-inter-level travel time spent in this place.
 C = Inter-level travel time spent in this place.
 D = Time resting spent in this place.
 E = Time spent auto-exploring this place.
 F = Levels seen in this place.
 G = Mean time per level.
                   A        B        C        D        E       F      G
               +--------+--------+--------+--------+--------+-----+--------+
         Total |   2409 |   2378 |     31 |    213 |   1644 |   3 |  803.0 |
       Dungeon |   2409 |   2378 |     31 |    213 |   1644 |   3 |  803.0 |
               +--------+--------+--------+--------+--------+-----+--------+

Top non-repeatable levels by time:
     D:1: 1232 daAuts
     D:2: 652 daAuts
     D:3: 524 daAuts
